 Dungeon Crawl Stone Soup version 0.13-a0-2537-g1f6edf4 (webtiles) character file.

164 Kae the Firebug (level 4, -5/24 HPs)
             Began as a Tengu Fire Elementalist on July 27, 2013.
             Slain by a worker ant (6 damage)
             ... on Level 3 of the Dungeon.
             The game lasted 00:01:45 (2643 turns).

Kae the Firebug (Tengu Fire Elementalist)           Turns: 2643, Time: 00:01:45

HP  -5/24        AC  2     Str  8      XL: 4   Next: 15%
MP   7/9         EV 13     Int 16      God:
Gold 98          SH  0     Dex 15      Spells:  3 memorised,  1 level left

Res.Fire  : . . .   See Invis. : .   (no weapon)
Res.Cold  : . . .   Warding    : .   a - +0 robe
Life Prot.: . . .   Conserve   : .   (no shield)
Res.Poison: .       Res.Corr.  : .   (helmet restricted)
Res.Elec. : .       Clarity    : .   (no cloak)
Sust.Abil.: . .     Spirit.Shd : .   (no gloves)
Res.Mut.  : .       Stasis     : .   (boots unavailable)
Res.Rott. : .       Flight     : .   (no amulet)
Saprovore : . . .                    (no ring)
                                     (no ring)

@: mildly poisoned, very slightly contaminated, slightly resistant to hostile
enchantments, fairly stealthy
A: beak, talons 3
a: no special abilities


You were on level 3 of the Dungeon.
You were not hungry.

You visited 1 branch of the dungeon, and saw 3 of its levels.

You collected 78 gold pieces.

Inventory:

Armour
 a - a +0 robe (worn)
Magical devices
 s - a wand of polymorph (7) {unknown}
 t - a wand of fireball (4) {unknown}
Comestibles
 c - a bread ration
 j - 2 lychees
 p - a pear
 v - a meat ration
Scrolls
 f - 2 scrolls of identify {unknown}
 h - 2 scrolls of curse armour {unknown}
 i - 3 scrolls of remove curse {unknown}
 k - 4 scrolls of amnesia {unknown}
 l - 2 scrolls of magic mapping {unknown}
 o - a scroll of blinking {unknown}
 r - a scroll of curse weapon {unknown}
 u - a scroll of teleportation {unknown}
 w - a scroll of enchant armour {unknown}
 x - a scroll of enchant weapon II {unknown}
Potions
 d - 2 potions of confusion {unknown}
 e - a potion of heal wounds {unknown}
 g - a potion of paralysis {unknown}
 m - a potion of curing {unknown}
 n - a potion of speed {unknown}
 q - a potion of magic {unknown}
Books
 b - a book of Flames

   Spells                             Type                      Level
   *Flame Tongue                      Conjuration/Fire             1
   *Throw Flame                       Conjuration/Fire             2
   *Conjure Flame                     Conjuration/Fire             3
   Inner Flame                        Hexes/Fire                   3
   Sticky Flame                       Conjuration/Fire             4
   Fireball                           Conjuration/Fire             5


   Skills:
 - Level 2.3 Dodging
 - Level 2.0 Stealth
 + Level 2.0 Spellcasting
 * Level 3.3 Conjurations
 + Level 3.9 Fire Magic


You had one spell level left.
You knew the following spells:

 Your Spells              Type           Power        Failure   Level  Hunger
a - Flame Tongue          Conj/Fire      ##...        6%          1    #......
b - Throw Flame           Conj/Fire      ##....       10%         2    ###....
c - Conjure Flame         Conj/Fire      ##......     14%         3    ####...


Dungeon Overview and Level Annotations

Branches:
Dungeon (3/27)

Altars:


Innate Abilities, Weirdness & Mutations

You have a beak for a mouth.
You have claws for feet.


Message History

The worker ant is lightly wounded.
You feel sick. The worker ant bites you.
You are more poisoned.
The worker ant poisons you!
Casting: Flame Tongue
Confirm with . or Enter, or press ? or * to list all spells.
Aiming: Flame Tongue
Press: ? - help, Shift-Dir - straight line, f - worker ant
Aim: a worker ant (lightly wounded)
You miscast Flame Tongue.
You are very lightly contaminated with residual magic.
Nothing appears to happen.
You feel sick. The worker ant bites you!
* * * LOW HITPOINT WARNING * * *
Casting: Flame Tongue
Confirm with . or Enter, or press ? or * to list all spells.
Aiming: Flame Tongue
Press: ? - help, Shift-Dir - straight line, f/p - worker ant
Aim: a worker ant (lightly wounded)
The flame misses the worker ant.
The worker ant bites you.
You die...

#.# #.# #.# #.#
#.# #.#
##.###.#####
#.(........#
#######..###.###.#
#.......%..(.# #.#
#a#####..#######.#
#@# #..# #.....#
#.# #..###.....#
#.# ...........#
... ....###.....#
##<##
.#........<.#
####.#
#.#######...##
.....# ##.##
..#### #.# . #.#
#.#


You could see a worker ant.

Vanquished Creatures
  A gnoll (D:1)
  2 adders (D:3)
  A giant gecko (D:3)
  2 oozes
  5 bats
  3 giant cockroaches
  4 goblins
  4 hobgoblins
  7 kobolds
  3 giant newts (D:2)
  5 rats
37 creatures vanquished.

Notes
Turn   | Place    | Note
--------------------------------------------------------------
     0 | D:1      | Kae, the Tengu Fire Elementalist, began the quest for the Orb.
     0 | D:1      | Reached XP level 1. HP: 10/10 MP: 3/3
   184 | D:1      | Reached XP level 2. HP: 15/15 MP: 0/5
   648 | D:1      | Reached XP level 3. HP: 19/19 MP: 5/7
  2475 | D:3      | Reached XP level 4. HP: 24/24 MP: 9/9
  2489 | D:3      | Learned a level 2 spell: Throw Flame
  2495 | D:3      | Learned a level 3 spell: Conjure Flame
  2642 | D:3      | HP: 1/24 [worker ant (8)]
  2643 | D:3      | Slain by a worker ant

Action                   |  1- 3 |  4- 6 || total
-------------------------+-------+-------++-------
Melee: Unarmed           |    37 |     4 ||    41
 Cast: Flame Tongue      |    50 |     4 ||    54
 Stab: Sleeping          |     1 |       ||     1
